 Dungeon Crawl Stone Soup version 0.27.1-4-g1640c2035a (webtiles) character file.

Game seed: 6312480318973725581

10391 Elvor the Destroyer (level 11, -5/91 HPs)
             Began as a Grey Draconian Conjurer on Nov 1, 2021.
             Was a Believer of the Shining One.
             Slain by a white ugly thing (30 damage)
             ... on level 9 of the Dungeon on Nov 2, 2021.
             The game lasted 01:30:24 (7548 turns).

Elvor the Destroyer (Grey Draconian Conjurer)       Turns: 7548, Time: 01:30:24

Health: -5/91      AC: 13    Str: 10    XL:     11   Next: 35%
Magic:  5/23       EV: 13    Int: 22    God:    the Shining One [**....]
Gold:   536        SH:  4    Dex:  9    Spells: 11/26 levels left

rFire    . . .     SeeInvis .   z - +0 short sword (flame)
rCold    . . .     Faith    .   K - +0 buckler
rNeg     + . .     Spirit   .   (armour unavailable)
rPois    .         Reflect  .   (helmet restricted)
rElec    .         Harm     .   (no cloak)
rCorr    .         Rampage  .   (no gloves)
Will     .....                  j - +0 pair of boots
Stlth    +.........             (no amulet)
HPRegen  0.25/turn              (no ring)
MPRegen  0.18/turn              (no ring)

@: slowed, glowing, very slow
A: AC +12, amphibious, unfitting armour, cold-blooded
a: Renounce Religion, Divine Shield


You were on level 9 of the Dungeon.
You worshipped the Shining One.
The Shining One was pleased with you.
You visited 2 branches of the dungeon, and saw 10 of its levels.

You collected 536 gold pieces.

Inventory:

Hand Weapons
 i - a +5 dire flail of holy wrath
 l - a +2 vorpal mace
 v - the +9 broad axe of Zeoz Jui {pain, +Blink rC- MP+9 Dex+6}
   (You took it off a centaur warrior on level 9 of the Dungeon)

   In the hands of one skilled in necromantic magic, it inflicts extra damage on
   living creatures.
   Dex:       It affects your dexterity (+6).
   rC:        It makes you vulnerable to cold.
   MP:        It affects your magic capacity (+9).
   +Blink:    It lets you blink.
   The Shining One disapproves of the use of such an item.
 z - a +0 short sword of flaming (weapon)
 B - the +5 spear of Sandy Trial by Ordeal {spect, Fly rF++ rN+ MP-9}
   (You found it on level 6 of the Dungeon)

   When its wielder attacks, the weapon's spirit leaps out and strikes again.
   The spirit shares a part of any damage it takes with its wielder.
   rF:        It greatly protects you from fire.
   rN:        It protects you from negative energy.
   MP:        It affects your magic capacity (-9).
   Fly:       It grants you flight.
 Q - a +0 vorpal hunting sling
Missiles
 c - 214 stones
 m - 93 sling bullets
 y - 5 javelins
 F - 23 poisoned darts
 R - a curare-tipped dart
Armour
 j - a +0 pair of boots (worn)
 u - a +0 helmet
 K - a +0 buckler (worn)
 M - +0 acid dragon scales
 P - the +1 ring mail "Ynlui" {Str+2}
   (You found it on level 8 of the Dungeon)

   Str:       It affects your strength (+2).
Magical Staves
 N - a staff of earth
Jewellery
 q - a ring of ice
 t - an amulet of guardian spirit
 D - a ring of fire
Wands
 k - a wand of acid (2) (quivered)
 E - a wand of iceblast (5)
 J - a wand of polymorph (11)
 L - a wand of mindburst (3)
 S - a wand of paralysis (2)
Scrolls
 a - 5 scrolls of noise
 b - a scroll of torment {unknown}
 d - 3 scrolls of blinking
 e - 3 scrolls of silence
 n - a scroll of vulnerability {unknown}
 o - 3 scrolls of enchant weapon
 r - a scroll of holy word {unknown}
 s - 2 scrolls of magic mapping {unknown}
 x - 3 scrolls of amnesia
 G - 2 scrolls of brand weapon {unknown}
 I - a scroll of immolation {unknown}
 O - a scroll of fog {unknown}
Potions
 f - 4 potions of attraction
 g - a potion of ambrosia {unknown}
 h - 8 potions of curing
 p - a potion of might {unknown}
 w - a potion of cancellation {unknown}
 A - a potion of berserk rage {unknown}
 C - 2 potions of lignification
 H - a potion of magic {unknown}
Miscellaneous
 T - a box of beasts


   Skills:
 * Level 6.5 Fighting
 + Level 2.4 Short Blades
 + Level 3.9 Throwing
 + Level 6.6 Dodging
 + Level 3.6 Stealth
 + Level 5.1 Shields
 + Level 8.4 Spellcasting
 + Level 8.9 Conjurations
 + Level 3.1 Earth Magic
 + Level 4.6 Evocations


You had 11 spell levels left.
You knew the following spells:

 Your Spells              Type           Power      Damage    Failure   Level
a - Magic Dart            Conj           100%       1d8       1%          1
b - Searing Ray           Conj           96%        3d7       1%          2
c - Iskenderun's Mystic   Conj/Tloc      29%        2d7       11%         4
d - Sandblast             Erth           46%        2d11      1%          1
e - Passwall              Tmut/Erth      13%        N/A       5%          2
f - Lee's Rapid Deconstr  Erth           11%        3d9*      47%         5

Your spell library contained the following spells:

 Spells                   Type           Power      Damage    Failure   Level
 Dazzling Flash           Conj/Hex       58%        N/A       3%          3
 Ensorcelled Hibernation  Hex/Ice        18%        N/A       11%         2
 Fulminant Prism          Conj/Hex       14%        3d9       11%         4
 Call Canine Familiar     Summ           9%         N/A       22%         3
 Gell's Gravitas          Tloc           4%         N/A       22%         3
 Portal Projectile        Hex/Tloc       18%        N/A       22%         3
 Spider Form              Tmut/Pois      4%         N/A       22%         3
 Teleport Other           Tloc           9%         N/A       22%         3
 Leda's Liquefaction      Hex/Erth       8%         N/A       36%         4
 Starburst                Conj/Fire      14%        6d6       86%         6
 Dispersal                Tloc           4%         N/A       100%        6
 Shadow Creatures         Summ           N/A        N/A       100%        6
 Malign Gateway           Summ/Tloc      4%         N/A       100%        7
 Summon Horrible Things   Summ           4%         N/A       100%        8


Dungeon Overview and Level Annotations

Branches:
Dungeon (9/15)             Temple (1/1) D:5
   Lair: D:8-11         Orc: D:9-12

Altars:
Ashenzari
Cheibriados
Dithmenos
Elyvilon
Fedhas
Gozag
Hepliaklqana
Kikubaaqudgha
Makhleb
Nemelex Xobeh
Okawaru
Qazlal
Ru
Sif Muna
Trog
Uskayaw
Vehumet
Wu Jian
Xom
Yredelemnul
Zin
The Shining One

Shops:
D:7 *

Annotations:
D:7 2 transporters, Tzialkovskiy's ghost, novice TrBe


Innate Abilities, Weirdness & Mutations

Your dull iron-grey scales are very hard. (AC +12)
You are amphibious.
You cannot fit into any form of body armour.
You are cold-blooded and may be slowed by cold attacks.


Message History

The freezing wraith drains your vigour!
You feel as though you will be slow longer.
You block the freezing wraith's attack.
The freezing wraith completely misses you.
The searing ray hits the freezing wraith but does no damage.
The freezing wraith is severely damaged.
The freezing wraith hits you but does no damage. x2
The searing ray hits the freezing wraith!
The freezing wraith is almost destroyed.
You finish channeling your searing ray.
The freezing wraith misses you. You block the freezing wraith's attack.
The freezing wraith closely misses you. The freezing wraith misses you.
Aiming: Searing Ray (safe; 1% risk of failure)
Press: ? - help, Q - select action, (/) - cycle Shift-Dir - straight line, f/p - freezing wraith
Aim: a freezing wraith (almost destroyed, haloed, 87% to hit)
The searing ray hits the freezing wraith.
The freezing wraith is almost destroyed. (Press . to maintain the ray.)
You block the freezing wraith's attack.
The freezing wraith hits you but does no damage.
Aiming: Corrosive Bolt
Press: ? - help, Q - select action, (/) - cycle Shift-Dir - straight line, f/p - freezing wraith
Aim: a freezing wraith (almost destroyed, haloed, 82% to hit)
The bolt of acid hits the freezing wraith!
The freezing wraith is splashed with acid.
The acid corrodes the freezing wraith!
You destroy the freezing wraith!
The Shining One accepts your kill.
You feel better.
You feel your power returning.
The white ugly thing completely misses you.
The white ugly thing stings you but does no damage.
The white ugly thing stings you. The white ugly thing freezes you!!
You block the white ugly thing's attack.
Things that are here:
a +0 shortbow; 26 arrows The white ugly thing stings you.
* * * LOW HITPOINT WARNING * * *
The white ugly thing freezes you!!
You die...

#.)##..##).###### #
###†.##..##.......# ###
#..##..##.#.#.....# ..#
#..##..##.#.#.....# ..#
###..##..##.#.....# ..#
###..##..##.......# #.#
#..##..##.#.......# ..#
#..##†.##.#..###### .##
###u@##..##..##
#################.#####...#######
..#.........#.........#.....>.)..
#.#....#....#.........#.##.......
#)#..#...#..#.........#......>...
#.#.........#.........#..########
#...#.....#..)........#..#
###....)....#.........#.##
..#..#...#..#.........#.#


You could see a white ugly thing.

Vanquished Creatures
  Harold (D:8)
  A boulder beetle (D:8)
  2 centaur warriors (D:9)
  2 two-headed ogres (D:9)
  A deep elf pyromancer (D:9)
  A freezing wraith (D:9)
  A troll (D:9)
  2 hornets
  Grinder (D:4)
  A meliai zombie (D:7)
  A wyvern (D:8)
  Eustachio (D:5)
  6 yaks (D:9)
  A steam dragon (D:9)
  A vampire mosquito (D:9)
  A basilisk (shapeshifter) (D:9)
  Edmund (D:5)
  An acid dragon (D:9)
  2 water moccasins
  Duvessa (D:5)
  A necrophage (D:5)
  3 ogres
  A boggart (D:9)
  6 centaurs
  A phantom (D:5)
  A kobold brigand (D:7)
  A bullfrog (D:9)
  Blork the orc (D:4)
  A wyvern zombie (D:8)
  2 scorpions
  2 killer bees (D:9)
  7 wights (D:9)
  2 howler monkeys
  A bullfrog zombie (D:5)
  A centaur zombie (D:9)
  3 jellies
  2 hounds
  A bullfrog skeleton (D:5)
  2 orc priests
  A gnoll shaman (D:5)
  3 centaur skeletons
  6 orc wizards
  Robin (D:4)
  6 gnolls (D:5)
  6 adders
  2 shadow imps
  3 white imps
  2 ufetubi
  An adder skeleton (D:2)
  An adder zombie (D:5)
  A worm (D:4)
  2 dart slugs
  26 orcs
  7 endoplasms
  A giant cockroach (D:3)
  15 goblins
  7 hobgoblins
  10 jackals
  6 quokkas
  5 ball pythons
  5 bats
  2 frilled lizards
  7 kobolds
  6 rats
200 creatures vanquished.

Vanquished Creatures (collateral kills)
  An orc warrior (D:9)
  Dowan (D:5)
  2 gnolls (D:5)
  A white imp (D:5)
  A dart slug (D:5)
6 creatures vanquished.

Vanquished Creatures (others)
  Sigmund (D:5)
1 creature vanquished.

Grand Total: 207 creatures vanquished

Notes
Turn   | Place    | Note
-------+----------+-------------------------------------------
     0 | D:1      | Elvor the Draconian Conjurer began the quest for the Orb.
     0 | D:1      | Reached XP level 1. HP: 14/14 MP: 3/3
   153 | D:1      | Found a faded altar of an unknown god.
   284 | D:1      | Reached XP level 2. HP: 20/20 MP: 1/5
   287 | D:1      | Learned a level 2 spell: Searing Ray
   795 | D:2      | Reached XP level 3. HP: 25/26 MP: 0/6
  1089 | D:3      | Found a basalt altar of Yredelemnul.
  1146 | D:3      | Reached skill level 5 in Conjurations
  1365 | D:3      | Reached XP level 4. HP: 31/33 MP: 1/7
  1696 | D:3      | Reached XP level 5. HP: 37/38 MP: 4/9
  1997 | D:4      | Noticed Blork the orc
  2004 | D:4      | Killed Blork the orc
  2144 | D:4      | Noticed Robin
  2152 | D:4      | Killed Robin
  2309 | D:4      | Noticed Grinder
  2313 | D:4      | Killed Grinder
  2314 | D:4      | Reached XP level 6. HP: 46/46 MP: 10/12
  2448 | D:4      | Reached skill level 1 in Fighting
  2448 | D:4      | Reached skill level 1 in Evocations
  2448 | D:4      | Your scales start taking on a dull iron-grey colour.
  2448 | D:4      | Reached XP level 7. HP: 20/52 MP: 7/13
  2908 | D:4      | Found a hide-covered altar of Uskayaw.
  2947 | D:5      | Entered Level 5 of the Dungeon
  2951 | D:5      | Noticed Edmund
  2953 | D:5      | Reached skill level 1 in Short Blades
  3007 | D:5      | Killed Edmund
  3008 | D:5      | Reached skill level 5 in Spellcasting
  3329 | D:5      | Noticed Dowan
  3461 | D:5      | Reached XP level 8. HP: 59/59 MP: 9/15
  3535 | D:5      | Found a hazy altar of Hepliaklqana.
  3541 | D:5      | Found a sacrificial altar of Ru.
  3544 | D:5      | Found a snail-covered altar of Cheibriados.
  3546 | D:5      | Found a bloodstained altar of Trog.
  3549 | D:5      | Found an iron altar of Okawaru.
  3629 | D:5      | Noticed Sigmund
  3708 | D:5      | Found a staircase to the Ecumenical Temple.
  3716 | D:5      | Noticed Duvessa
  3717 | Temple   | Entered the Ecumenical Temple
  3883 | Temple   | Became a worshipper of the Shining One
  4013 | D:5      | Killed Dowan
  4016 | D:5      | Killed Duvessa
  4052 | D:5      | Noticed Eustachio
  4067 | D:5      | Your ally died
  4086 | D:5      | Killed Eustachio
  4475 | D:6      | Identified the +5 spear of Sandy Trial by Ordeal {spect,
                  | Fly rF++ rN+ MP-9}
  4861 | D:6      | Reached XP level 9. HP: 68/68 MP: 12/18
  5048 | D:7      | Found Valux's CLEARANCE SALE! EVERYTHING MUST GO!.
  5099 | D:7      | Reached * piety under the Shining One
  5192 | D:7      | Noticed a moth of wrath
  5201 | D:7      | Found a transporter.
  5259 | D:7      | Found a white marble altar of Elyvilon.
  5640 | D:7      | Found a transporter.
  5640 | D:7      | Noticed Tzialkovskiy's ghost (novice TrBe)
  5736 | D:8      | Found a blossoming altar of Fedhas.
  5738 | D:8      | Noticed Harold
  5752 | D:8      | Killed Harold
  5753 | D:8      | Reached skill level 5 in Dodging
  6008 | D:8      | Identified the +1 ring mail "Ynlui" {Str+2}
  6014 | D:8      | Noticed a boulder beetle
  6027 | D:8      | Killed a boulder beetle
  6028 | D:8      | Reached skill level 1 in Throwing
  6028 | D:8      | Reached XP level 10. HP: 80/80 MP: 15/21
  6406 | D:9      | Learned a level 4 spell: Iskenderun's Mystic Blast
  6408 | D:9      | Learned a level 1 spell: Sandblast
  6411 | D:9      | Learned a level 2 spell: Passwall
  6417 | D:9      | Learned a level 5 spell: Lee's Rapid Deconstruction
  6430 | D:9      | Reached skill level 5 in Fighting
  6560 | D:9      | Reached skill level 1 in Earth Magic
  6822 | D:9      | Noticed a two-headed ogre
  6824 | D:9      | Reached ** piety under the Shining One
  6838 | D:9      | Killed a two-headed ogre
  7260 | D:9      | Noticed a deep elf pyromancer
  7267 | D:9      | Killed a deep elf pyromancer
  7360 | D:9      | Noticed a two-headed ogre
  7366 | D:9      | Reached XP level 11. HP: 51/89 MP: 12/23
  7403 | D:9      | Killed a two-headed ogre
  7468 | D:9      | Identified the +9 broad axe of Zeoz Jui {pain, +Blink rC-
                  | MP+9 Dex+6}
  7468 | D:9      | Noticed a centaur warrior
  7476 | D:9      | Killed a centaur warrior
  7477 | D:9      | Reached skill level 5 in Shields
  7503 | D:9      | Noticed a centaur warrior
  7516 | D:9      | Killed a centaur warrior
  7519 | D:9      | Noticed a white ugly thing
  7548 | D:9      | Slain by a white ugly thing

Illustrated notes

Levels and vault maps discovered:
D:1:      minmay_arrival_diagonal_passages, layout_loops_ring,
          shapermc_ecumenical_altar_pompeii
D:2:      layout_rooms
D:3:      layout_basic, yredelemnul_altar_generic, grunt_ministairs_2,
          minmay_fractal_squares_5
D:4:      layout_layer_cave, nicolae_uskayaw_suspiria, minmay_distorted,
          uniq_grinder, uniq_blork_the_orc, uniq_robin
D:5:      layout_basic, minitemple, minmay_temple_entry_mini_moons,
          serial_park_tiny_1, uniq_sigmund, uniq_eustachio, uniq_edmund,
          uniq_duvessa
D:6:      minmay_inner_zag, layout_gridville
D:7:      layout_loops_ring, elyvilon_altar_5,
          gammafunk_ghost_berserking_beasts, nicolae_shop_clearance
D:8:      layout_basic, fedhas_altar_2, uniq_harold
D:9:      minmay_the_grid_3x3 [minmay_the_grid_plusring, minmay_the_grid_eight,
          minmay_the_grid_paths, minmay_the_grid_diamond_grid,
          minmay_the_grid_pillar_ring, minmay_the_grid_stretched_grid,
          minmay_the_grid_minigrid_medium, minmay_the_grid_empty,
          minmay_the_grid_prize_trominoes], layout_rooms
Temple:   oiseaux_autumnal_temple

Skill      XL: |  1  2  3  4  5  6  7  8  9 10 11 |
---------------+----------------------------------+-----
Dodging        | 2 3 4 5 6 |  6.6
Conjurations   | 5 6 7 8 |  8.9
Spellcasting   | 3 4 5 6 7 8 |  8.4
Stealth        | 2 3 |  3.6
Fighting       | 1 2 4 6 |  6.5
Evocations     | 1 3 4 |  4.6
Short Blades   | 1 2 |  2.4
Shields        | 3 4 5 |  5.1
Throwing       | 1 3 |  3.9
Earth Magic    | 2 3 |  3.1

Action                   |  1- 3 |  4- 6 |  7- 9 | 10-12 || total
-------------------------+-------+-------+-------+-------++-------
Melee: Dagger            |    26 |       |       |       ||    26
       Short sword       |    11 |    21 |    18 |     9 ||    59
       Tailslap          |     2 |       |     1 |     7 ||    10
Throw: Throwing net      |       |     1 |     1 |     2 ||     4
       Dart              |       |       |    11 |    34 ||    45
 Cast: Magic Dart        |    68 |    37 |    38 |     6 ||   149
       Searing Ray       |     7 |    11 |    57 |    36 ||   111
       Sandblast         |       |       |       |    20 ||    20
Evoke: Wand              |       |     8 |    18 |    18 ||    44
  Use: Scroll            |       |       |     7 |     1 ||     8
Armor: Skin              |    15 |    18 |    40 |    27 ||   100
Dodge: Dodged            |    34 |    25 |    72 |    62 ||   193
Block: Buckler           |       |       |       |     5 ||     5
